 Dungeon Crawl Stone Soup version 0.31.0-10-gcf4a605ca0 (webtiles) character file.

Game seed: 14721518441252533617

60 Gadfly the Ruffian (level 3, 0/26 HPs)
             Began as a Demonspawn Shapeshifter on Jan 26, 2024.
             Slain by an ice beast (3 damage)
             ... on level 3 of the Dungeon.
             The game lasted 00:01:46 (1874 turns).

Gadfly the Ruffian (Demonspawn Shapeshifter)        Turns: 1874, Time: 00:01:46

Health: 0/26       AC:  2    Str: 16    XL:     3   Next: 82%
Magic:  3/3        EV: 12    Int: 10    God:
Gold:   116        SH:  0    Dex: 12    Spells: 2/2 levels left

rFire   + .          .
                       - Unarmed
rCold   . . .        (no shield)
rNeg    . . .        a - +0 animal skin
rPois   .            (helmet currently unavailable)
rElec   .            (cloak currently unavailable)
rCorr   .            (gloves currently unavailable)
SInv    .            (boots currently unavailable)
Will    .....        (no amulet)
Stlth   +            g - ring of protection from fire
HPRegen 0.24/turn    (no ring)
MPRegen 0.08/turn

%: no passive effects
@: beast-form
A: beast (slay +1), hooves 1
a: Begin Untransformation


You were on level 3 of the Dungeon.
You were a hulking beast.
You visited 1 branch of the dungeon, and saw 3 of its levels.

You collected 116 gold pieces.

Inventory:

Armour
 a - a +0 animal skin (worn)
Jewellery
 g - a ring of protection from fire (left hand)
Talismans
 c - a beast talisman
 d - a flux talisman
Scrolls
 e - 2 scrolls of enchant weapon
 i - a scroll of teleportation
Potions
 b - 2 potions of lignification
 f - a potion of curing
 m - a potion of ambrosia


   Skills:
 + Level 1.6 Fighting
 * Level 2.4 Dodging
 + Level 3.0 Unarmed Combat
 * Level 1.7 Evocations
 + Level 2.9 Shapeshifting


You had 2 spell levels left.
You didn't know any spells.
Your spell library contained the following spells:

 Spells                   Type           Power      Damage    Failure   Level
 Summon Small Mammal      Summ           0%         N/A       36%         1
 Call Canine Familiar     Summ           0%         N/A       75%         3
 Inner Flame              Hex/Fire       0%         N/A       75%         3
 Summon Blazeheart Golem  Fire/Summ      0%         N/A       98%         4
 Irradiate                Conj/Alch      0%         3d11      100%        5
 Ignition                 Fire           0%         3d3       100%        8


Dungeon Overview and Level Annotations

Branches:
Dungeon (3/15)

Altars:


Innate Abilities, Weirdness & Mutations

You are a hulking beast.
Your limbs bulge with bestial killing power. (Slay +1)
You have large cloven feet.


Message History

No target in view!
No target in view!
No target in view!
No target in view!
An ice beast comes into view.
Found 7 gold pieces.
You see here a giant cockroach corpse.
An ice beast is nearby!
An ice beast is nearby!
Okay, then.
The ice beast hits you. The ice beast freezes you!
You are too injured to fight recklessly!
You are too injured to fight recklessly!
You are too injured to fight recklessly!
You are too injured to fight recklessly!
You are too injured to fight recklessly!
You are too injured to fight recklessly!
You are too injured to fight recklessly!
You are too injured to fight recklessly!
You are too injured to fight recklessly!
You are too injured to fight recklessly!
You are too injured to fight recklessly!
You are too injured to fight recklessly!
You are too injured to fight recklessly!
You are too injured to fight recklessly!
You hit the ice beast. Your kick misses the ice beast.
The ice beast is lightly wounded.
The ice beast hits you but does no damage.
You closely miss the ice beast. You kick the ice beast.
The ice beast is lightly wounded.
The ice beast barely misses you.
You barely miss the ice beast.
You kick the ice beast, but do no damage.
The ice beast is lightly wounded.
The ice beast hits you. The ice beast freezes you.
* * * LOW HITPOINT WARNING * * *
You barely miss the ice beast. Your kick misses the ice beast.
The ice beast is lightly wounded.
The ice beast hits you.
You die...

#.# #.# ##### #.#
...# #.#
###.#####.# ####
#.........#
...$.##.#.#######
#....#.# #..Yh.†#
########


You could see an ice beast.

Vanquished Creatures
  An adder (D:2)
  4 dart slugs
  3 ball pythons
  2 endoplasms (D:2)
  2 giant cockroaches
  6 goblins
  6 hobgoblins
  3 jackals (D:3)
  2 kobolds
  A quokka (D:1)
  2 bats (D:2)
  2 frilled lizards
  5 rats
39 creatures vanquished.

Notes
Turn   | Place    | Note
-------+----------+-------------------------------------------
     0 | D:1      | Gadfly the Demonspawn Shapeshifter began the quest for the
                  | Orb.
     0 | D:1      | Reached XP level 1. HP: 15/15 MP: 1/1
    99 | D:1      | Gained mutation: You have large cloven feet. [demonic
                  | ancestry]
    99 | D:1      | Reached XP level 2. HP: 21/21 MP: 2/2
   448 | D:1      | Reached skill level 1 in Evocations
  1039 | D:2      | Reached XP level 3. HP: 26/26 MP: 3/3
  1351 | D:2      | Reached skill level 3 in Unarmed Combat
  1868 | D:3      | Noticed an ice beast
  1874 | D:3      | Slain by an ice beast

Illustrated notes

Levels and vault maps discovered:
D:1:      dpeg_arrival_boxorama, layout_basic, corexii_item_surrounded_by_moat,
          minmay_tetromino_s4
D:2:      layout_loops_ring
D:3:      layout_loops_cross, nicolae_tso_besieged_by_evil,
          kennysheep_vampire_church, serial_glass, glass_columns_b,
          glass_columns_b, hellmonk_ecumenical_altar_crossroads, uniq_natasha,
          uniq_jessica

Skill      XL: |  1  2  3 |
---------------+----------+-----
Dodging        | 2 |  2.4
Evocations     | 1 |  1.7
Unarmed Combat | 3 |  3.0
Fighting       | |  1.6
Shapeshifting  | |  2.9

Action                     || total
---------------------------++-------
  Melee: Unarmed           ||   109
         Kick              ||    19
         Punch             ||     1
    Use: Scroll            ||     7
   Stab: Distracted        ||     1
 Armour: Animal skin       ||    46
  Dodge: Dodged            ||    60
